 Dungeon Crawl Stone Soup version 0.17.0-28-g6e173f8 (webtiles) character file.

28 septik the Grave Robber (level 3, 19/19 (26) HPs)
             Began as a Ghoul Necromancer on Nov 22, 2015.
             Quit the game on level 1 of the Dungeon.
             The game lasted 00:05:00 (1188 turns).

septik the Grave Robber (Ghoul Necromancer)         Turns: 1188, Time: 00:05:00

HP:   19/19 (26)    AC:  2    Str: 11    XL:     3   Next: 14%
MP:   3/5           EV: 12    Int: 11    God:
Gold: 99            SH:  0    Dex:  9    Spells: 2 memorised, 5 levels left

rFire  . . .     SeeInvis .     m - -1 whip (curse)
rCold  + . .     Clarity  .     a - +0 robe
rNeg   + + +     SustAt   .     (no shield)
rPois  ∞         Gourm    .     (no helmet)
rElec  .         Spirit   .     (no cloak)
rCorr  .         Warding  .     (no gloves)
rMut   .         Rnd*Tele +     (no boots)
MR     .....                    (no amulet)
Stlth  ++........               (no ring)
                                g - ring of teleportation (curse)

@: starving, rotting, not resistant to hostile enchantments, unstealthy
A: rotting body, claws 1, carnivore 3, cold resistance 1, negative energy
resistance 3, slow regeneration 1, torment resistance, unbreathing
a: Evoke Teleportation


You were on level 1 of the Dungeon.
You were starving.

You visited 1 branch of the dungeon, and saw 1 of its levels.

You collected 99 gold pieces.

Inventory:

Hand Weapons
 l - a +0 short sword
 m - a cursed -1 whip (weapon)
Missiles
 e - 43 stones (quivered)
Armour
 a - a +0 robe (worn)
Jewellery
 g - a cursed ring of teleportation (left claw)
Scrolls
 d - a scroll of teleportation {unknown}
 h - a scroll of identify {unknown}
 j - a scroll of fear {unknown}
 k - a scroll of amnesia {unknown}
 n - a scroll of magic mapping {unknown}
Potions
 i - a potion of ambrosia {unknown}
Books
 b - a book of Necromancy

   Spells                             Type                      Level
   a - Pain                           Necromancy                   1
   b - Animate Skeleton               Necromancy                   1
   c - Vampiric Draining              Necromancy                   3
   d - Regeneration                   Charms/Necromancy            3
   e - Animate Dead                   Necromancy                   4
   f - Control Undead                 Necromancy                   4
Comestibles
 c - a meat ration
 f - a chunk of flesh
 o - a slice of pizza


   Skills:
 - Level 1.7 Dodging
 - Level 2.1 Stealth
 * Level 2.5 Spellcasting
 + Level 4.4 Necromancy


You had 5 spell levels left.
You knew the following spells:

 Your Spells              Type           Power        Failure   Level  Hunger
a - Pain                  Necr           ##..         4%          1    ##.....
b - Animate Skeleton      Necr           N/A          4%          1    ##.....


Dungeon Overview and Level Annotations

Branches:
Dungeon (1/15)

Altars:


Innate Abilities, Weirdness & Mutations

Your body is rotting away.
You thrive on raw meat.
You are immune to poison.
You have sharp fingernails.
You are carnivorous and can eat meat at any time.
Your flesh is cold resistant.
You are immune to negative energy.
You regenerate slowly when monsters are visible.
You are immune to unholy pain and torment.
You can survive without breathing.


Message History

You feel a bit more experienced.
Some of the chunks of flesh in your inventory have rotted away.
You feel your flesh rotting away.
A goblin comes into view.
The goblin shouts!
Casting: Pain
Confirm with . or Enter, or press ? or * to list all spells.
Aiming: Pain
Press: ? - help, Shift-Dir - straight line, f - goblin
Aim: a goblin (chance to defeat MR: 90%)
The goblin barely resists.
Casting: Pain
Confirm with . or Enter, or press ? or * to list all spells.
Aiming: Pain
Press: ? - help, Shift-Dir - straight line, f/p - goblin
Aim: a goblin (chance to defeat MR: 90%)
The goblin convulses in agony!
You kill the goblin!
You are starving!
Are you sure you want to abandon this character and quit the game? (Confirm with "yes".)

..####..............# ..#
##.............# ..#
###.#........## ### #.........##
### # ### ##.####.###
##.######### ..# ##..###..###
#...##...... ..#
#...#......###......#####
..#######................#### ###
................@..###...######..
..####....###......####)##...##.#
.........##.........###.#.......#
......#####.#.........#.......###
............#......##.........#
................##.....##.....#
##.........####....##.........#
#.........# #####...........#
#...).....# #####.####......#


There were no monsters in sight!

Vanquished Creatures
  An ooze (D:1)
  A ball python (D:1)
  5 bats (D:1)
  A giant cockroach (D:1)
  2 hobgoblins (D:1)
  A giant newt (D:1)
  5 goblins (D:1)
  4 kobolds (D:1)
  3 rats (D:1)
23 creatures vanquished.

Vanquished Creatures (collateral kills)
  A rat (D:1)
1 creature vanquished.

Grand Total: 24 creatures vanquished

Notes
Turn   | Place    | Note
--------------------------------------------------------------
     0 | D:1      | septik the Ghoul Necromancer began the quest for the Orb.
     0 | D:1      | Reached XP level 1. HP: 14/14 MP: 2/2
   212 | D:1      | Reached XP level 2. HP: 16/19 MP: 0/4
   835 | D:1      | Learned a level 1 spell: Animate Skeleton
   924 | D:1      | Reached XP level 3. HP: 17/25 MP: 5/5
  1188 | D:1      | Quit the game

Action                   || total
-------------------------++-------
Melee: Unarmed           ||    27
       Short sword       ||     6
 Cast: Pain              ||    43
       Animate Skeleton  ||     2
